 Dungeon Crawl Stone Soup version 0.31-a0-1570-g93c622d222 (webtiles) character file.

Game seed: 603250593814838370

229 gelatine the Covered (level 5, 0/41 HPs)
             Began as a Demonspawn Fighter on Jan 3, 2024.
             Slain by a mummy (14 damage)
             ... in an ossuary.
             The game lasted 00:05:56 (2051 turns).

gelatine the Covered (Demonspawn Fighter)           Turns: 2051, Time: 00:05:57

Health: 0/41       AC:  9    Str: 19    XL:     5   Next: 71%
Magic:  5/5        EV:  9    Int:  8    God:
Gold:   199        SH:  4    Dex: 12    Spells: 4/4 levels left

rFire   . . .        a - +0 war axe (flame)
rCold   . . .        c - +0 buckler
rNeg    . . .        b - +0 scale mail
rPois   .            m - +0 helmet
rElec   .            (no cloak)
rCorr   .            (no gloves)
SInv    .            j - +0 pair of boots
Will    .....        (no amulet) Stlth
                     (no ring)
HPRegen 0.26/turn    (no ring)
MPRegen 0.09/turn

%: no passive effects
@: no status effects
A: demonic touch 2
a: no special abilities


You were in an ossuary.
You visited 1 branch of the dungeon, and saw 4 of its levels.
You also visited: Ossuary.

You collected 199 gold pieces.

Inventory:

Hand Weapons
 a - a +0 war axe of flaming (weapon)
Armour
 b - a +0 scale mail (worn)
 c - a +0 buckler (worn)
 j - a +0 pair of boots (worn)
 m - a +0 helmet (worn)
Scrolls
 e - a scroll of teleportation
 k - a scroll of blinking
 l - a scroll of enchant armour
 r - a scroll of revelation {unknown}
Potions
 d - a potion of might
 f - a potion of curing {unknown}
 h - a potion of heal wounds {unknown}
 i - 2 potions of enlightenment {unknown}
 n - a potion of lignification {unknown}
 s - a potion of brilliance {unknown}


   Skills:
 * Level 3.6 Fighting
 * Level 3.6 Axes
 * Level 3.7 Armour
 * Level 1.5 Dodging
 * Level 3.2 Shields


You had 4 spell levels left.
You didn't know any spells.
Your spell library was empty.

Dungeon Overview and Level Annotations

Branches:
Dungeon (4/15)            Ossuary (1/1)
 Temple: D:4-7

Altars:


Innate Abilities, Weirdness & Mutations

Your touch may inflict irresistible damage on your foes.


Message History

You block the hobgoblin zombie's attack.
You block the mummy's attack.
You barely miss the mummy.
You completely miss the hobgoblin zombie.
You slash the mummy! You burn the mummy.
The hobgoblin zombie hits you but does no damage.
The mummy barely misses you.
You hit the mummy but do no damage. You hit the mummy. You burn the mummy.
You barely miss the hobgoblin zombie.
You block the hobgoblin zombie's attack.
The mummy hits you.
The hobgoblin zombie hits you but does no damage.
A kobold zombie comes into view.
You block the kobold zombie's attack.
You barely miss the mummy. You slash the mummy! You burn the mummy.
You hit the kobold zombie. You burn the kobold zombie.
You barely miss the mummy. You hit the mummy. You burn the mummy.
You hit the hobgoblin zombie. You burn the hobgoblin zombie.
The mummy hits you.
The hobgoblin zombie closely misses you.
The mummy hits you! The mummy hits you but does no damage.
The kobold zombie hits you. The mummy hits you.
You slash the kobold zombie! You burn the kobold zombie.
You destroy the kobold zombie!
You hit the kobold zombie. You burn the kobold zombie.
You destroy the kobold zombie!
You slash the mummy! You burn the mummy.
You destroy the mummy!
You hit the mummy. You burn the mummy. You barely miss the hobgoblin zombie.
You hit the mummy but do no damage. You barely miss the mummy.
The hobgoblin zombie closely misses you.
You block the mummy's attack. The mummy hits you! The mummy closely misses you.
You barely miss the hobgoblin zombie.
The hobgoblin zombie is almost destroyed.
You barely miss the mummy. You slash the mummy! You burn the mummy.
You destroy the mummy!
You barely miss the mummy.
The hobgoblin zombie hits you but does no damage.
The mummy hits you!
You die...

..............
............
#........#
#......#
#Z...# #....#
#....# #.MMZ#
#.Z@.# #.Z..#
#....# #....#
#.∩∩.# ######


You could see 2 mummies, 3 hobgoblin zombies and a kobold zombie.

Vanquished Creatures
  A phantom (D:4)
  A bombardier beetle (D:3)
  A hound (D:4)
  2 mummies (Ossuary)
  2 adders
  A dart slug (D:1)
  A ribbon worm (D:2)
  5 ball pythons
  4 endoplasms
  5 giant cockroaches
  6 goblins
  4 hobgoblins
  4 jackals (D:1)
  3 quokkas
  3 bats
  2 frilled lizards (D:3)
  A hobgoblin zombie (Ossuary)
  8 kobolds
  2 kobold zombies (Ossuary)
  2 rats
58 creatures vanquished.

Notes
Turn   | Place    | Note
-------+----------+-------------------------------------------
     0 | D:1      | gelatine the Demonspawn Fighter began the quest for the
                  | Orb.
     0 | D:1      | Reached XP level 1. HP: 18/18 MP: 1/1
   183 | D:1      | Gained mutation: Your touch may inflict minor irresistible
                  | damage on your foes. [demonic ancestry]
   183 | D:1      | Reached XP level 2. HP: 24/24 MP: 2/2
   926 | D:2      | Reached XP level 3. HP: 29/29 MP: 3/3
  1304 | D:3      | Reached skill level 1 in Dodging
  1304 | D:3      | Reached XP level 4. HP: 13/35 MP: 4/4
  1814 | D:4      | Noticed a phantom
  1831 | D:4      | Killed a phantom
  1832 | D:4      | Gained mutation: Your touch may inflict irresistible damage
                  | on your foes. [demonic ancestry]
  1832 | D:4      | Reached XP level 5. HP: 36/41 MP: 5/5
  2016 | D:4      | Found a sand-covered staircase.
  2020 | Ossuary  | Entered an ossuary
  2051 | Ossuary  | Slain by a mummy

Illustrated notes

Levels and vault maps discovered:
D:1:      eino_arrival_cavern_e, layout_loops_ring
D:2:      layout_basic, nicolae_wormholes
D:3:      layout_rooms, kennysheep_generic_room_15
D:4:      layout_loops_ring, lemuel_zombie_altar_kikubaaqudgha,
          gup_sewer_entry_bowl, enter_ossuary_5, uniq_crazy_yiuf_cottage
Ossuary:  ossuary_tomb_3

Skill      XL: |  1  2  3  4 |
---------------+-------------+-----
Axes           | 2 3 |  3.6
Armour         | 3 |  3.7
Dodging        | 1 |  1.5
Shields        | 3 |  3.2
Fighting       | |  3.6

Action                     |  1- 3 |  4- 6 || total
---------------------------+-------+-------++-------
  Melee: War axe           |   118 |    88 ||   206
    Use: Scroll            |       |     6 ||     6
 Armour: Scale mail        |   102 |    66 ||   168
  Dodge: Dodged            |    61 |    51 ||   112
  Block: Buckler           |    33 |    27 ||    60

Table legend: (Time is in decaauts)
 A = Elapsed time spent in this place.
 B = Non-inter-level travel time spent in this place.
 C = Inter-level travel time spent in this place.
 D = Time resting spent in this place.
 E = Time spent auto-exploring this place.
 F = Levels seen in this place.
 G = Mean time per level.
                   A        B        C        D        E       F      G
               +--------+--------+--------+--------+--------+-----+--------+
         Total |   2135 |   2075 |     60 |      0 |   1477 |   5 |  427.0 |
       Dungeon |   2102 |   2042 |     60 |      0 |   1466 |   4 |  525.5 |
       Ossuary |     32 |     32 |      0 |      0 |     11 |   1 |   32.0 |
               +--------+--------+--------+--------+--------+-----+--------+

Top non-repeatable levels by time:
     D:1: 777 daAuts
     D:3: 606 daAuts
     D:2: 493 daAuts
     D:4: 224 daAuts
 Ossuary: 32 daAuts
